 Dungeon Crawl Stone Soup version 0.30-a0-1161-g0704695555 (webtiles) character file.

Game seed: 3558562549615986160

4 AleXD21137 the Grave Robber (level 1, 0/14 HPs)
             Began as a Demonspawn Necromancer on Apr 27, 2023.
             Slain by a bat (1 damage)
             ... on level 1 of the Dungeon.
             The game lasted 00:03:20 (323 turns).

AleXD21137 the Grave Robber (Demonspawn Necromancer) Turns: 323, Time: 00:03:20

Health: 0/14       AC:  2    Str:  8    XL:     1   Next: 50%
Magic:  1/3        EV: 12    Int: 16    God:
Gold:   0          SH:  0    Dex: 13    Spells: 3/4 levels left

rFire   . . .        (no weapon)
rCold   . . .        (no shield)
rNeg    . . .        a - +0 robe
rPois   .            (no helmet)
rElec   .            (no cloak)
rCorr   .            (no gloves)
SInv    .            (no boots)
Will    .....        (no amulet)
Stlth   ++           (no ring)
HPRegen 0.22/turn    (no ring)
MPRegen 0.08/turn

%: no passive effects
@: no status effects
A: no striking features
a: no special abilities


You were on level 1 of the Dungeon.
You visited 1 branch of the dungeon, and saw 2 of its levels.

Inventory:

Armour
 a - a +0 robe (worn)
Potions
 b - 2 potions of magic


   Skills:
 + Level 0.4 Fighting
 + Level 2.0 Dodging
 + Level 1.7 Stealth
 + Level 2.0 Spellcasting
 + Level 4.3 Necromancy


You had 3 spell levels left.
You knew the following spells:

 Your Spells              Type           Power      Damage    Failure   Level
a - Necrotise             Necr           60%        1d7       3%          1

Your spell library contained the following spells:

 Spells                   Type           Power      Damage    Failure   Level
 Vampiric Draining        Necr           15%        2d7       11%         3
 Animate Dead             Necr           15%        N/A       34%         4
 Agony                    Necr           15%        N/A       67%         5


Dungeon Overview and Level Annotations

Branches:
Dungeon (2/15)

Altars:


Message History

The sleepcap closely misses you.
You hit the sleepcap but do no damage. The bat closely misses you.
The sleepcap closely misses you.
Unknown command.
You feel much better. The bat hits you but does no damage.
The sleepcap closely misses you.
You hit the sleepcap but do no damage. The bat barely misses you.
The bat misses you. The sleepcap releases spores at you.
You hit the sleepcap but do no damage. The bat closely misses you.
The bat hits you but does no damage.
The sleepcap releases spores at you but does no damage.
You hit the sleepcap but do no damage. The bat barely misses you.
The sleepcap releases spores at you but does no damage.
You hit the sleepcap but do no damage. The bat closely misses you.
The sleepcap barely misses you.
You hit the sleepcap but do no damage. The bat misses you.
The sleepcap releases spores at you.
You are engulfed in a cloud of soporific spores!
You fall asleep.
The bat hits you but does no damage. The bat hits you.
You wake up.
The sleepcap releases spores at you.
* * * LOW HITPOINT WARNING * * *
Unknown command.
Casting: Necrotise (safe; 3% risk of failure)
Confirm with . or Enter, or press ? or * to list all spells.
Aiming: Necrotise (safe; 3% risk of failure)
Press: ? - help, Shift-Dir - straight line, f - sleepcap
Aim: a sleepcap (chance to affect: 79%)
The sleepcap writhes in agony.
The bat hits you but does no damage. The sleepcap releases spores at you.
* * * LOW HITPOINT WARNING * * *
You are engulfed in a cloud of soporific spores!
You are unaffected.
Casting: Necrotise (safe; 3% risk of failure)
Confirm with . or Enter, or press ? or * to list all spells.
Aiming: Necrotise (safe; 3% risk of failure)
Press: ? - help, Shift-Dir - straight line, f/p - sleepcap
Aim: a sleepcap (lightly damaged, chance to affect: 79%)
The sleepcap writhes in agony.
The bat hits you.
You die...

## .# ######### .#
#.......# .# #.......#
.# #....f>.# .##
#...b@..# ..###
##.......##
....#######.........#
.##...##....#######..#
.####....#######..
.....
..##...#.####....#
####.
#.....##......###### .
#.###......#.......#
.....#...........#.


You could see a sleepcap and a bat.

Vanquished Creatures
  A dart slug (D:1)
  A goblin (D:1)
2 creatures vanquished.

Notes
Turn   | Place    | Note
-------+----------+-------------------------------------------
     0 | D:1      | AleXD21137 the Demonspawn Necromancer began the quest for
                  | the Orb.
     0 | D:1      | Reached XP level 1. HP: 13/13 MP: 3/3
   298 | D:2      | Noticed a sleepcap
   323 | D:1      | Slain by a bat

Illustrated notes

Levels and vault maps discovered:
D:1:      ebering_trefoil_twist, layout_rooms
D:2:      minmay_spotlight, layout_loops_ring, serial_aquarium,
          aquarium_bridge_square [aquarium_subvault_window,
          aquarium_subvault_wall, aquarium_subvault_wall,
          aquarium_subvault_bridge], aquarium_bridge_square
          [aquarium_subvault_bridge, aquarium_subvault_bridge,
          aquarium_subvault_wall, aquarium_subvault_bridge],
          aquarium_window_double, aquarium_window_corner, aquarium_view_2f,
          aquarium_balcony_double_3, aquarium_pool_2, basic_ecumenical_altar,
          serial_shops, nicolae_square_shop

Skill      XL: |  1 |
---------------+----+-----
Dodging        | 2 |  2.0
Fighting       | |  0.4
Stealth        | |  1.7
Spellcasting   | |  2.0
Necromancy     | |  4.3

Action                     || total
---------------------------++-------
  Melee: Unarmed           ||    63
   Cast: Necrotise         ||     4
    Use: Potion            ||     2
   Stab: Sleeping          ||     1
 Armour: Robe              ||   100
  Dodge: Dodged            ||   179

Table legend: (Time is in decaauts)
 A = Elapsed time spent in this place.
 B = Non-inter-level travel time spent in this place.
 C = Inter-level travel time spent in this place.
 D = Time resting spent in this place.
 E = Time spent auto-exploring this place.
 F = Levels seen in this place.
 G = Mean time per level.
                   A        B        C        D        E       F      G
               +--------+--------+--------+--------+--------+-----+--------+
         Total |    323 |    322 |      1 |      0 |      0 |   2 |  161.5 |
       Dungeon |    323 |    322 |      1 |      0 |      0 |   2 |  161.5 |
               +--------+--------+--------+--------+--------+-----+--------+

Top non-repeatable levels by time:
     D:1: 316 daAuts
     D:2: 6 daAuts
